 Dungeon Crawl Stone Soup version 0.21.0-24-g2553a33 (webtiles) character file.

185 RollingDesktops the Slasher (level 5, -1/47 HPs)
             Began as a Gnoll Chaos Knight on Jan 19, 2018.
             Splashed by a jelly's acid (8 damage)
             ... on level 3 of the Dungeon.
             The game lasted 00:08:33 (2099 turns).

RollingDesktops the Slasher (Gnoll Chaos Knight)    Turns: 2099, Time: 00:08:35

Health: -1/47      AC:  3    Str: 15    XL:     5   Next: 64%
Magic:  7/7        EV: 11    Int: 15    God:    Xom [....*.]
Gold:   69         SH:  0    Dex: 14    Spells: 7/7 levels left

rFire    . . .     SeeInvis .   a - +0 falchion (chaos)
rCold    . . .     Gourm    .   (no shield)
rNeg     . . .     Faith    .   d - +0 scale mail
rPois    .         Spirit   .   (no helmet)
rElec    .         Reflect  .   (no cloak)
rCorr    .         Harm     .   (no gloves)
MR       .....                  (no boots)
Stlth    ..........             (no amulet)
HPRegen  0.15/turn              (no ring)
MPRegen  0.10/turn              (no ring)

@: corroded
A: distributed training, fangs 1, strong nose
a: Renounce Religion


You were on level 3 of the Dungeon.
You worshipped Xom.
You were a beloved toy of Xom.
You were not hungry.

You visited 1 branch of the dungeon, and saw 3 of its levels.

You collected 69 gold pieces.

Inventory:

Hand Weapons
 a - a +0 falchion of chaos (weapon)
 f - a +4 short sword of holy wrath
Armour
 b - a +2 leather armour
 d - a +0 scale mail (worn)
Jewellery
 j - an uncursed ring of protection from fire
Scrolls
 i - a scroll of identify
Potions
 e - 3 potions of curing {unknown}
 g - a potion of brilliance {unknown}
 h - a potion of invisibility {unknown}
Comestibles
 c - a ration


   Skills:
 + Level 6.7 Fighting
 + Level 1.5 Short Blades
 + Level 6.7 Long Blades
 + Level 1.5 Axes
 + Level 1.5 Maces & Flails
 + Level 1.5 Polearms
 + Level 1.5 Staves
 + Level 1.5 Slings
 + Level 1.5 Bows
 + Level 1.5 Crossbows
 + Level 1.5 Throwing
 + Level 4.8 Armour
 + Level 3.0 Dodging
 + Level 1.5 Stealth
 + Level 1.5 Shields
 + Level 1.5 Unarmed Combat
 + Level 1.5 Spellcasting
 + Level 1.2 Conjurations
 + Level 1.2 Hexes
 + Level 1.2 Charms
 + Level 1.2 Summonings
 + Level 1.2 Necromancy
 + Level 1.2 Translocations
 + Level 1.2 Transmutations
 + Level 1.2 Fire Magic
 + Level 1.2 Ice Magic
 + Level 1.2 Air Magic
 + Level 1.2 Earth Magic
 + Level 1.2 Poison Magic
 + Level 1.7 Invocations
 + Level 1.5 Evocations


You had 7 spell levels left.
You didn't know any spells.

Dungeon Overview and Level Annotations

Branches:
Dungeon (3/15)

Altars:


Innate Abilities, Weirdness & Mutations

Your experience applies equally to all skills.
You have very sharp teeth.
Your uncanny sense of smell can sniff out nearby items.


Message History

A door slams shut!
You open the door. 2 oozes come into view.
The ooze quivers.
The jelly hits you but does no damage.
Found five items.
There is an open door here.
The jelly closely misses you. The jelly hits you. The acid corrodes you!
You are splashed with acid!
The acid burns!
The jelly hits you.
You are splashed with acid!
The acid burns!
* * * LOW HITPOINT WARNING * * *
Your scale mail prevents you from hitting the jelly.
You punch the jelly. You bite the jelly.
The jelly is lightly wounded.
The jelly hits you.
* * * LOW HITPOINT WARNING * * *
You are splashed with acid!
The acid burns!
You die...
Xom chortles!

.. ### #.#
#######(##..÷..$#
#..####....#.#.#..P÷..#
#..##[....#.#.#......#
#(.'......#'#.#......#
#(.(()..†...#÷#..JJ..#
#.('.)..†...#.#...÷.÷#
#..##...†...#.#J.÷÷..#
##..###......##'@...P.#
....# ##########......#
.##..# ########
.##..... .##.#####
.##.# .##.# .##.# $##.#


You could see a jelly and 2 oozes.

Vanquished Creatures
  A jelly (D:3)
  7 adders
  8 oozes
  A dart slug (D:2)
  2 leopard geckos
  3 ball pythons
  5 giant cockroaches
  5 goblins
  2 hobgoblins
  5 bats
  6 frilled lizards
  11 kobolds
  11 rats
67 creatures vanquished.

Vanquished Creatures (others)
  3 fungi (D:3)
  9 toadstools (D:3)
12 creatures vanquished.

Grand Total: 79 creatures vanquished

Notes
Turn   | Place    | Note
-------+----------+-------------------------------------------
     0 | D:1      | RollingDesktops the Gnoll Chaos Knight began the quest for the Orb.
     0 | D:1      | Reached XP level 1. HP: 23/23 MP: 1/1
   164 | D:1      | Reached XP level 2. HP: 22/29 MP: 2/2
   351 | D:1      | Reached XP level 3. HP: 35/35 MP: 3/3
   358 | D:1      | XOM: smoke on damage
   419 | D:1      | XOM: harmless Tmut miscast
   571 | D:1      | XOM: silly message
   740 | D:2      | Reached skill level 1 in Invocations
   821 | D:2      | XOM: smoke on damage
   908 | D:2      | XOM: mild Conj miscast
   976 | D:2      | Reached skill level 1 in Short Blades
   976 | D:2      | Reached skill level 1 in Axes
   976 | D:2      | Reached skill level 1 in Maces & Flails
   976 | D:2      | Reached skill level 1 in Polearms
   976 | D:2      | Reached skill level 1 in Staves
   976 | D:2      | Reached skill level 1 in Slings
   976 | D:2      | Reached skill level 1 in Bows
   976 | D:2      | Reached skill level 1 in Crossbows
   976 | D:2      | Reached skill level 1 in Throwing
   976 | D:2      | Reached skill level 1 in Stealth
   976 | D:2      | Reached skill level 1 in Shields
   976 | D:2      | Reached skill level 1 in Unarmed Combat
   976 | D:2      | Reached skill level 1 in Spellcasting
   976 | D:2      | Reached skill level 1 in Evocations
  1046 | D:2      | Reached XP level 4. HP: 21/41 MP: 5/5
  1240 | D:2      | XOM is BORED!
  1240 | D:2      | XOM: medium Tmut miscast
  1465 | D:2      | Reached skill level 1 in Conjurations
  1465 | D:2      | Reached skill level 1 in Hexes
  1465 | D:2      | Reached skill level 1 in Charms
  1465 | D:2      | Reached skill level 1 in Summonings
  1465 | D:2      | Reached skill level 1 in Necromancy
  1465 | D:2      | Reached skill level 1 in Translocations
  1465 | D:2      | Reached skill level 1 in Transmutations
  1465 | D:2      | Reached skill level 1 in Fire Magic
  1465 | D:2      | Reached skill level 1 in Ice Magic
  1465 | D:2      | Reached skill level 1 in Air Magic
  1465 | D:2      | Reached skill level 1 in Earth Magic
  1465 | D:2      | Reached skill level 1 in Poison Magic
  1471 | D:2      | XOM: confuse monster(s)
  1587 | D:2      | XOM: harmless Tmut miscast
  1842 | D:3      | Reached XP level 5. HP: 8/47 MP: 6/6
  2093 | D:3      | XOM: scenery: 1 doors close
  2099 | D:3      | Splashed by a jelly's acid

Skill      XL: |  1  2  3  4  5 |
---------------+----------------+-----
Invocations    | 1 |  1.7
Short Blades   | 1 |  1.5
Axes           | 1 |  1.5
Maces & Flails | 1 |  1.5
Polearms       | 1 |  1.5
Staves         | 1 |  1.5
Slings         | 1 |  1.5
Bows           | 1 |  1.5
Crossbows      | 1 |  1.5
Throwing       | 1 |  1.5
Stealth        | 1 |  1.5
Shields        | 1 |  1.5
Unarmed Combat | 1 |  1.5
Spellcasting   | 1 |  1.5
Evocations     | 1 |  1.5
Conjurations   | 1 |  1.2
Hexes          | 1 |  1.2
Charms         | 1 |  1.2
Summonings     | 1 |  1.2
Necromancy     | 1 |  1.2
Translocations | 1 |  1.2
Transmutations | 1 |  1.2
Fire Magic     | 1 |  1.2
Ice Magic      | 1 |  1.2
Air Magic      | 1 |  1.2
Earth Magic    | 1 |  1.2
Poison Magic   | 1 |  1.2
Dodging        | 3 |  3.0
Fighting       | |  6.7
Long Blades    | |  6.7
Armour         | |  4.8

Action                   |  1- 3 |  4- 6 || total
-------------------------+-------+-------++-------
Melee: Falchion          |    88 |    76 ||   164
       Bite              |    14 |     9 ||    23
       Unarmed           |       |     2 ||     2
       Punch             |       |     1 ||     1
  Use: Scroll            |       |     3 ||     3
       Potion            |       |     1 ||     1
 Stab: Petrifying        |     1 |       ||     1
       Confused          |       |     2 ||     2
  Eat: Ration            |       |     2 ||     2
Armor: Scale mail        |    79 |    66 ||   145
       Leather armour    |     4 |       ||     4
Dodge: Dodged            |    84 |    64 ||   148
       Rpst.: Falchion   |    27 |    16 ||    43
